 Dungeon Crawl Stone Soup version 0.31-a0-795-g5eb97db20b (webtiles) character file.

Game seed: 6713106697442623089

31979 demibob the Impaler (level 13, 40/90 HPs)
             Began as a Merfolk Chaos Knight on Sept 18, 2023.
             Was a Plaything of Xom.
             Quit the game on level 3 of the Lair of Beasts.
             The game lasted 00:32:12 (15849 turns).

demibob the Impaler (Merfolk Chaos Knight)         Turns: 15849, Time: 00:32:12

Health: 40/90      AC: 13    Str: 12    XL:     13   Next: 61%
Magic:  13/13      EV: 26    Int: 12    God:    Xom [..*...]
Gold:   1640       SH:  0    Dex: 22    Spells: 12/12 levels left

rFire   + . .        a - +0 glaive (flame)
rCold   . . .        (shield currently unavailable)
rNeg    . . .        b - +3 leather armour
rPois   .            (helmet restricted)
rElec   .            B - +1 cloak
rCorr   .            (no gloves)
SInv    +            z - +0 pair of boots
Will    .....        j - amulet of faith {!P}
Stlth   +            v - ring of see invisible
HPRegen 0.35/turn    D - +6 ring of dexterity
MPRegen 0.13/turn

%: faith
@: confused, quite poisoned (40 -> 21), hasted, very quick
A: (nimble swimmer 2), mertail, beak, iridescent scales 2, clumsy 1, fire
resistance 1, frail 1, no potion heal 1
a: Renounce Religion


You were on level 3 of the Lair of Beasts.
You worshipped Xom.
You were a toy of Xom.
You visited 2 branches of the dungeon, and saw 16 of its levels.
You also visited: Bailey.

You collected 1640 gold pieces.


Innate Abilities, Weirdness & Mutations

((You are very nimble when in or above water. (Stealth+, EV+, Speed+++)))
Your lower body shifts to a powerful aquatic tail in water.
You have a beak for a mouth.
You are mostly covered in iridescent scales. (AC +4)
You are clumsy. (Dex -2)
Your flesh is heat resistant. (rF+)
You are frail. (-10% HP)
Potions are less effective at restoring your health.


   Skills:
 + Level 9.5 Fighting
 - Level 20.0 Polearms
 - Level 0.6 Armour
 - Level 18.5 Dodging
 + Level 3.1 Evocations


You had 12 spell levels left.
You didn't know any spells.
Your spell library contained the following spells:

 Spells                   Type           Power      Damage    Failure   Level
 Apportation              Tloc           0%         N/A       38%         1
 Necrotise                Necr           0%         1d4       38%         1
 Summon Small Mammal      Summ           0%         N/A       38%         1
 Ensorcelled Hibernation  Hex/Ice        0%         N/A       54%         2
 Jinxbite                 Hex            0%         N/A       54%         2
 Sublimation of Blood     Necr           0%         N/A       54%         2
 Wereblood                Tmut           0%         N/A       54%         2
 Call Canine Familiar     Summ           0%         N/A       77%         3
 Summon Guardian Golem    Hex/Summ       0%         N/A       77%         3
 Vampiric Draining        Necr           0%         2d6       77%         3
 Anguish                  Hex/Necr       0%         N/A       99%         4
 Animate Dead             Necr           0%         N/A       99%         4
 Petrify                  Tmut/Erth      0%         N/A       99%         4
 Agony                    Necr           0%         N/A       100%        5
 Alistair's Intoxication  Tmut/Pois      0%         N/A       100%        5
 Borgnjor's Vile Clutch   Necr/Erth      0%         N/A       100%        5
 Irradiate                Conj/Tmut      0%         3d11      100%        5
 Summon Forest            Summ/Tloc      0%         N/A       100%        5
 Summon Mana Viper        Hex/Summ       0%         N/A       100%        5
 Death Channel            Necr           0%         N/A       100%        6
 Summon Cactus Giant      Summ           0%         N/A       100%        6
 Summon Hydra             Summ           0%         N/A       100%        7

Inventory:

Hand Weapons
 a - a +0 glaive of flaming (weapon)
 r - a +1 spear of chaos
Missiles
 q - 4 atropa-tipped darts
Armour
 b - a +3 leather armour (worn)
 d - a +1 helmet
 z - a +0 pair of boots (worn)
 B - a +1 cloak (worn)
Jewellery
 c - an amulet of magic regeneration
 j - an amulet of faith (around neck) {!P}
 l - an amulet of regeneration
 v - a ring of see invisible (left hand)
 C - a ring of ice
 D - a +6 ring of dexterity (right hand)
 F - a ring of fire
 L - a ring of flight
 W - a ring of willpower
Wands
 i - a wand of charming (6)
 k - a wand of flame (48)
 o - a wand of digging (3)
 t - a wand of polymorph (2)
 A - a wand of roots (3)
Scrolls
 e - a scroll of torment
 g - 2 scrolls of enchant armour
 h - a scroll of vulnerability
 m - 4 scrolls of teleportation {@r2}
 u - a scroll of fear
 w - 3 scrolls of fog
 y - a scroll of enchant weapon
 G - 6 scrolls of immolation
Potions
 f - a potion of magic
 n - a potion of brilliance
 s - a potion of ambrosia
Miscellaneous
 x - a phantom mirror (inert)
 H - a phial of floods (inert)

Dungeon Overview and Level Annotations

Branches:
Dungeon (13/15)            Temple (0/1) D:5            Lair (3/5) D:11
  Swamp (0/4) Lair:3        Snake (0/4) Lair:2          Orc (0/2) D:11
 Bailey (visited)
 Vaults: D:13-14

Altars:
Dithmenos
Fedhas
Kikubaaqudgha
Makhleb
Okawaru
Qazlal
Trog
Wu Jian
Xom
Zin

Shops:
D:3

= #...P#.#.#.....# #...#......
###.............P# ##......... ♣
#......§§☼○☼○☼°§#####.........
♣♣♣♣♣.....°§§§○☼☼°§§##§#.........
...♣♣♣.[..☼☼☼§§○○○☼§§§...........
♣...........§§§○§§§☼○###.#P...#..
♣...~........☼☼§§§§§§§§°.........
♣..~~..#.##.#.#§☼☼§§°○§°.........
♣~.....#####.##.@Y§§○§☼#..####...
.~.♣♣♣..# ####YYY○☼○☼§§### #...
♣♣♣♣♣...# #§.§§○§☼☼☼# #... ♣
##...## #§☼§☼§§§§## #... ##.....#
##§☼§.○§°○# ##... #......#
#○.§☼§☼§§### #.... #.....#####
#§○§§..§§.#P###...
#.....##..#####.................
##......................###.#...


You could see 4 death yaks.


Message History

You feel sick.
A nearby fungus withers and dies.
The death yak looks as sick as possible!
The death yak gores you but does no damage.
The death yak is engulfed in poison gas.
The death yak looks as sick as possible!
The death yak gores you!
The death yak is engulfed in poison gas.
The death yak looks as sick as possible!
The death yak misses you.
The death yak is engulfed in poison gas.
The death yak looks as sick as possible!
The death yak closely misses you.
You are engulfed in poison gas.
You are more poisoned.
You feel very sick.
The death yak is engulfed in poison gas.
The death yak looks as sick as possible!
The death yak closely misses you.
You feel very sick.
The death yak is engulfed in poison gas.
The death yak looks as sick as possible!
The death yak barely misses you.
The death yak is engulfed in poison gas.
The death yak looks as sick as possible!
The death yak completely misses you.
The death yak is engulfed in poison gas.
The death yak looks as sick as possible!
The death yak completely misses you.
Unknown command.
Are you sure you want to abandon this character and quit the game? (Confirm with "yes".)

Skill      XL: |  1  2  3  4  5  6  7  8  9 10 11 12 13 |
---------------+----------------------------------------+-----
Dodging        | 3 4 5 6 7 8 10 12 15 17 18 | 18.5
Polearms       | 5 7 8 9 10 13 15 17 19 20 | 20.0
Fighting       | 5 9 |  9.5
Evocations     | 3 |  3.1
Armour         | |  0.6

Action                     |  1- 3 |  4- 6 |  7- 9 | 10-12 | 13-15 || total
---------------------------+-------+-------+-------+-------+-------++-------
  Melee: Spear             |    70 |   123 |   433 |       |       ||   626
         Punch             |       |     2 |     8 |       |       ||    10
         Peck              |       |     1 |   112 |    12 |    14 ||   139
         Glaive            |       |       |    45 |   588 |   226 ||   859
         Tailslap          |       |       |       |       |     2 ||     2
         Bite              |       |       |       |       |     2 ||     2
  Evoke: Wand              |       |     1 |     2 |     8 |     7 ||    18
         Phantom mirror    |       |       |       |     1 |     1 ||     2
         Phial of floods   |       |       |       |       |     1 ||     1
    Use: Scroll            |     3 |     5 |     7 |    13 |     7 ||    35
         Potion            |       |     6 |     3 |     9 |     6 ||    24
   Stab: Sleeping          |     4 |     1 |     6 |     3 |     1 ||    15
         Paralysed         |       |     3 |       |     4 |       ||     7
         Confused          |       |       |     3 |     1 |     1 ||     5
         Petrified         |       |       |    22 |     5 |       ||    27
         Petrifying        |       |       |     5 |       |       ||     5
         Invisible         |       |       |     2 |       |       ||     2
         Distracted        |       |       |       |     1 |     3 ||     4
         Betrayed ally     |       |       |       |     2 |       ||     2
 Armour: Leather armour    |    15 |    41 |   104 |   153 |    99 ||   412
  Dodge: Dodged            |    22 |    52 |   214 |   429 |   205 ||   922
  Block: Other             |       |       |    79 |   113 |    30 ||   222

Levels and vault maps discovered:
D:1:      ldierk_walled_garden_2, layout_rooms
D:2:      layout_loops_ring, uniq_terence, uniq_robin, uniq_natasha
D:3:      layout_loops_cross, serial_shops, shop, uniq_grinder, uniq_jessica,
          uniq_sigmund, uniq_crazy_yiuf_cottage
D:4:      layout_basic, uniq_duvessa
D:5:      layout_rooms, nicolae_overflow_hidden_temple,
          minmay_temple_entry_nine_rooms, uniq_edmund
D:6:      layout_basic, mainiacjoe_overflow_surrounded_room, uniq_blork_the_orc
D:7:      layout_rooms, supply_closet_lemuel, chequers_serial_rivers_micro_a,
          grunt_decor_junction, corexii_corridor_pit, uniq_pikel
D:8:      layout_loops_corners, enter_bailey_2, st_stairs_5
D:9:      layout_stronghold, nicolae_overflow_macrodata_refinement
D:10:     layout_long_grid, uniq_josephine
D:11:     layout_roguey, lair_entry_dummy, erik_orc_4, uniq_nergalle
D:12:     layout_basic, corner_web_ring, minmay_misc_feat_room, uniq_jorgrun
D:13:     layout_cave_pods
Lair:1:   layout_roguey, grunt_megastairs_1
Lair:2:   layout_cave_pods, guppyfry_snake_entry_garden, uniq_gastronok
Lair:3:   layout_chaotic_city, nicolae_swamp_entry_spooky

Notes
Turn   | Place    | Note
-------+----------+-------------------------------------------
     0 | D:1      | demibob the Merfolk Chaos Knight began the quest for the
                  | Orb.
     0 | D:1      | Reached XP level 1. HP: 18/18 MP: 1/1
   105 | D:1      | XOM: divination: detect creatures
   110 | D:1      | Reached skill level 3 in Dodging
   135 | D:1      | XOM: silly message
   153 | D:1      | Reached XP level 2. HP: 24/24 MP: 2/2
   213 | D:1      | XOM: silly message
   249 | D:1      | XOM: god gift: 2 coppery potions {god gift}
   348 | D:1      | XOM: torment (13/24 hp)
   445 | D:2      | XOM: give mutation
   445 | D:2      | Gained mutation: You have an increased reservoir of magic.
                  | (+10% MP) [Xom's mischief]
   497 | D:2      | Reached XP level 3. HP: 27/29 MP: 3/3
   514 | D:2      | Noticed Natasha
   514 | D:2      | XOM: 4-stop teleportation journey
   518 | D:2      | XOM: swap monsters
   523 | D:2      | Killed Natasha
   524 | D:2      | Reached skill level 5 in Polearms
   524 | D:2      | Reached skill level 4 in Dodging
   556 | D:2      | XOM: give mutations
   556 | D:2      | Gained mutation: You expend magic power (3 MP) to
                  | strengthen your wands. [Xom's mischief]
   556 | D:2      | Gained mutation: Your body sometimes deteriorates upon
                  | taking damage. [Xom's mischief]
   556 | D:2      | Gained mutation: You have hidden genetic defects. [Xom's
                  | mischief]
   556 | D:2      | Gained mutation: Your flesh is heat resistant. (rF+) [Xom's
                  | mischief]
   597 | D:2      | XOM: summons 1 hostile shadow creature
   698 | D:2      | Noticed Natasha
   707 | D:2      | Killed Natasha
   708 | D:2      | Reached XP level 4. HP: 35/35 MP: 4/4
   708 | D:2      | XOM: summons 3 hostile demons
   709 | D:2      | Noticed a neqoxec
   714 | D:2      | Lost mutation: You have an increased reservoir of magic.
                  | (+10% MP) [a neqoxec]
   720 | D:2      | XOM: butterfly on damage
   721 | D:2      | Gained mutation: Your flesh is very heat resistant. (rF++)
                  | [a neqoxec]
   727 | D:2      | Gained mutation: You have terrible hidden genetic defects.
                  | [hidden defects]
   827 | D:2      | Noticed Terence
   837 | D:2      | XOM: confusion
   850 | D:2      | Killed Terence
   871 | D:2      | Gained mutation: You sometimes lose your temper in combat.
                  | [hidden defects]
   871 | D:2      | Lost mutation: You have terrible hidden genetic defects.
                  | [hidden defects expressed]
  1089 | D:2      | Noticed Natasha
  1105 | D:2      | Killed Natasha
  1106 | D:2      | Reached skill level 5 in Dodging
  1106 | D:2      | Reached XP level 5. HP: 22/41 MP: 5/5
  1112 | D:2      | Gained mutation: You occasionally shout uncontrollably at
                  | your foes. [hidden defects]
  1330 | D:2      | Noticed Robin
  1334 | D:2      | Robin changed into Robin the iguana
  1334 | D:2      | Noticed Robin
  1334 | D:2      | XOM: polymorph Robin -> Robin the iguana
  1336 | D:2      | Reached skill level 6 in Polearms
  1355 | D:2      | Killed Robin the iguana
  1374 | D:2      | Gained mutation: Potions are less effective at restoring
                  | your health. [hidden defects]
  1374 | D:2      | Lost mutation: You have hidden genetic defects. [hidden
                  | defects expressed]
  1550 | D:3      | Found Ballad's Jewellery Shoppe.
  1584 | D:3      | Noticed Grinder
  1584 | D:3      | Paralysed by Grinder for 4 turns
  1585 | D:3      | XOM: cast spell 'Monstrous Menagerie'
  1602 | D:3      | Killed Grinder
  1603 | D:3      | Reached skill level 7 in Polearms
  1603 | D:3      | Reached skill level 6 in Dodging
  1603 | D:3      | Reached XP level 6. HP: 24/47 MP: 6/6
  1734 | D:3      | Noticed Jessica
  1742 | D:3      | Killed Jessica
  1893 | D:3      | XOM: give mutations
  1893 | D:3      | Gained mutation: You have a beak for a mouth. [Xom's grace]
  1893 | D:3      | Gained mutation: You are partially covered in large bone
                  | plates. (SH +4) [Xom's grace]
  1893 | D:3      | Lost mutation: You sometimes lose your temper in combat.
                  | [Xom's grace]
  1948 | D:3      | XOM: give mutations
  1948 | D:3      | Gained mutation: You are somewhat resistant to further
                  | mutation. [Xom's grace]
  1948 | D:3      | Gained mutation: Your spells are a little harder to cast,
                  | but a little more powerful. [Xom's grace]
  1948 | D:3      | Gained mutation: You are mostly covered in large bone
                  | plates. (SH +6) [Xom's grace]
  1955 | D:3      | Noticed Sigmund
  1963 | D:3      | Killed Sigmund
  1964 | D:3      | Reached skill level 8 in Polearms
  1964 | D:3      | Reached skill level 7 in Dodging
  1964 | D:3      | Reached XP level 7. HP: 52/52 MP: 3/7
  1996 | D:3      | XOM: 3-stop teleportation journey
  2274 | D:3      | Found a runed translucent door.
  2275 | D:3      | Noticed Crazy Yiuf
  2287 | D:3      | Killed Crazy Yiuf
  2296 | D:3      | Identified the +3 hammer of World's End {chaos, rCorr}
  2372 | D:3      | XOM: summons 4 hostile demons
  2669 | D:4      | Reached skill level 8 in Dodging
  2724 | D:4      | XOM: noise
  2877 | D:4      | XOM: god gift: 27 gold pieces
  3102 | D:4      | a worm changed into a shapeshifter
  3102 | D:4      | Noticed a shapeshifter (shapeshifter)
  3102 | D:4      | XOM: polymorph worm -> shapeshifter
  3102 | D:4      | a shapeshifter changed into a harpy
  3102 | D:4      | Noticed a harpy (shapeshifter)
  3106 | D:4      | a harpy changed into a culicivora
  3106 | D:4      | Noticed a culicivora (shapeshifter)
  3120 | D:4      | Killed a culicivora
  3121 | D:4      | Reached skill level 9 in Polearms
  3121 | D:4      | Reached XP level 8. HP: 52/58 MP: 8/8
  3146 | D:4      | Noticed Duvessa
  3146 | D:4      | Noticed Dowan
  3156 | D:4      | Killed Dowan
  3157 | D:4      | Reached skill level 9 in Dodging
  3190 | D:4      | Duvessa changed into Duvessa the centaur
  3190 | D:4      | Noticed Duvessa
  3198 | D:4      | Killed Duvessa the centaur
  3216 | D:4      | XOM: god gift: scroll of amnesia
  3300 | D:4      | XOM: silly message
  3315 | D:5      | Entered Level 5 of the Dungeon
  3465 | D:5      | Found a shadowy altar of Dithmenos.
  3466 | D:5      | Found a bloodstained altar of Trog.
  3508 | D:5      | Noticed Edmund
  3508 | D:5      | XOM: 3-stop teleportation journey
  3531 | D:5      | XOM: silly message
  3538 | D:5      | Killed Edmund
  3539 | D:5      | Reached skill level 10 in Polearms
  3550 | D:5      | Found a staircase to the Ecumenical Temple.
  3605 | D:5      | Found a blossoming altar of Fedhas.
  3609 | D:5      | Found an ornate altar of the Wu Jian Council.
  3752 | D:5      | Reached skill level 10 in Dodging
  4234 | D:6      | XOM: 3-stop teleportation journey
  4244 | D:6      | Reached XP level 9. HP: 63/64 MP: 9/9
  4270 | D:6      | Noticed Blork the orc
  4277 | D:6      | Killed Blork the orc
  4278 | D:6      | Reached skill level 11 in Polearms
  4280 | D:6      | XOM: blink monster(s)
  4359 | D:6      | XOM: 3-stop teleportation journey
  4364 | D:6      | XOM: cast spell 'Cause Fear'
  4374 | D:6      | Reached skill level 11 in Dodging
  4414 | D:6      | XOM: potion effect (curing)
  4632 | D:6      | Found a burning altar of Makhleb.
  4989 | D:7      | XOM: summons 3 friendly demons
  5085 | D:7      | XOM: cast spell 'Summon Hydra'
  5096 | D:7      | Reached skill level 12 in Polearms
  5109 | D:7      | Identified the +7 quarterstaff of Incongruity {drain,
                  | Dex+3}
  5206 | D:7      | Noticed Pikel
  5206 | D:7      | XOM: 7-stop teleportation journey
  5298 | D:7      | XOM: divine lightning
  5304 | D:7      | Killed Pikel
  5441 | D:7      | Identified a scroll of acquirement
  5441 | D:7      | Acquired a +0 glaive of flaming
  5500 | D:8      | XOM: polymorph killer bee -> jelly
  5510 | D:8      | Reached skill level 12 in Dodging
  5593 | D:8      | XOM: chaos cloud
  5662 | D:8      | XOM: 1-stop teleportation journey
  5663 | D:8      | Noticed a hornet
  5664 | D:8      | Found a flagged portal.
  5667 | D:8      | Killed a hornet
  5668 | D:8      | Reached skill level 13 in Polearms
  5668 | D:8      | Reached XP level 10. HP: 70/70 MP: 10/10
  5675 | Bailey   | Entered a bailey
  5686 | Bailey   | XOM: 1-stop teleportation journey
  5694 | Bailey   | XOM: swap monsters
  5696 | Bailey   | XOM: cast spell 'Monstrous Menagerie'
  5700 | Bailey   | Reached skill level 13 in Dodging
  5746 | Bailey   | XOM: enchant monster (bad)
  5771 | Bailey   | XOM: god gift: 54 gold pieces
  5866 | Bailey   | Found an iron altar of Okawaru.
  5960 | D:8      | XOM: blink monster(s)
  5964 | D:8      | XOM: noise
  6227 | D:8      | Reached skill level 14 in Polearms
  6331 | D:8      | XOM: 1-stop teleportation journey
  6505 | D:8      | XOM: stat loss: -1 Int (11/12)
  6600 | D:8      | XOM: summons 1 hostile shadow creature
  6695 | D:8      | Lost mutation: You occasionally shout uncontrollably at
                  | your foes. [potion of mutation]
  6695 | D:8      | Lost mutation: You have a beak for a mouth. [potion of
                  | mutation]
  6695 | D:8      | Lost mutation: Your flesh is very heat resistant. (rF++)
                  | [potion of mutation]
  6696 | D:8      | Lost mutation: Your body sometimes deteriorates upon taking
                  | damage. [potion of mutation]
  6696 | D:8      | Lost mutation: You expend magic power (3 MP) to strengthen
                  | your wands. [potion of mutation]
  6696 | D:8      | Lost mutation: Your spells are a little harder to cast, but
                  | a little more powerful. [potion of mutation]
  6738 | D:9      | Identified the +0 robe of Weightlessness {+Blink rF+++
                  | Regen+ Dex-2}
  6788 | D:9      | XOM: give mutation
  6788 | D:9      | Lost mutation: You are somewhat resistant to further
                  | mutation. [Xom's mischief]
  7147 | D:9      | You fall into a shaft and drop 3 floors!
  7182 | D:11     | XOM: blink monster(s)
  7190 | D:10     | Entered Level 10 of the Dungeon
  7209 | D:10     | XOM: 1-stop teleportation journey
  7211 | D:10     | Reached skill level 14 in Dodging
  7214 | D:10     | XOM: smoke on damage
  7220 | D:10     | a yak changed into a guardian serpent
  7220 | D:10     | Noticed a guardian serpent
  7220 | D:10     | XOM: polymorph yak -> guardian serpent
  7223 | D:10     | Killed a guardian serpent
  7417 | D:10     | XOM: scenery: summon butterflies
  7446 | D:10     | Reached skill level 15 in Polearms
  7786 | D:9      | Found an ancient bone altar of Kikubaaqudgha.
  7789 | D:9      | Found a glowing silver altar of Zin.
  7792 | D:9      | Found an iron altar of Okawaru.
  7794 | D:9      | XOM: summons friendly quasit
  7860 | D:9      | Found a stormy altar of Qazlal.
  7905 | D:9      | XOM: give mutations
  7905 | D:9      | Gained mutation: You are partially covered in iridescent
                  | scales. (AC +2) [Xom's grace]
  7905 | D:9      | Gained mutation: You expend magic power (3 MP) to
                  | strengthen your wands. [Xom's grace]
  7936 | D:9      | Reached skill level 15 in Dodging
  7936 | D:9      | Reached XP level 11. HP: 75/75 MP: 11/11
  8168 | D:10     | XOM: enchant monster (good)
  8185 | D:10     | Noticed Josephine
  8193 | D:10     | Killed Josephine
  8201 | D:10     | XOM: summons 2 friendly demons
  8404 | D:10     | XOM: enchant monster (good)
  8665 | D:11     | Found a staircase to the Orcish Mines.
  8665 | D:11     | XOM: divination: magic mapping
  8667 | D:11     | XOM: destruction
  8674 | D:11     | Reached skill level 16 in Polearms
  8681 | D:11     | XOM: confuse monster(s)
  8682 | D:11     | Noticed a boulder beetle
  8700 | D:11     | XOM: summons friendly crimson imp
  8867 | D:11     | XOM: scenery: 3 doors open, 1 doors close
  8901 | D:11     | XOM: enchant monster (good)
  8915 | D:11     | Killed a boulder beetle
  8916 | D:11     | Reached skill level 16 in Dodging
  8949 | D:11     | XOM: divination: detect creatures
  8961 | D:11     | XOM: blink monster(s)
  8971 | D:10     | XOM: god gift: potion of lignification
  9086 | D:11     | XOM: 2-stop teleportation journey
  9156 | D:11     | XOM: god gift: 6 stones
  9220 | D:11     | XOM: noise
  9266 | D:11     | Found a staircase to the Lair.
  9339 | D:11     | XOM: 3-stop teleportation journey
  9491 | D:11     | Noticed Nergalle
  9504 | D:11     | Killed Nergalle
  9580 | Lair:1   | Entered Level 1 of the Lair of Beasts
  9593 | Lair:1   | XOM: noise
  9609 | Lair:1   | XOM: god gift: helmet {god gift}
  9793 | Lair:1   | XOM: divination: detect creatures
  9795 | Lair:1   | XOM: silly message
  9796 | Lair:1   | XOM: silly message
  9800 | Lair:1   | XOM: potion effect (haste)
  9804 | Lair:1   | XOM: potion effect (heal wounds)
  9807 | Lair:1   | Reached skill level 17 in Polearms
  9909 | Lair:1   | XOM: silly message
  9943 | Lair:1   | XOM: potion effect (curing)
  9943 | Lair:1   | XOM: smoke on damage
  9945 | Lair:1   | XOM: silly message
 10018 | Lair:1   | Reached skill level 17 in Dodging
 10222 | Lair:1   | XOM: draining
 10230 | Lair:1   | Reached XP level 12. HP: 65/71 MP: 12/12
 10627 | Lair:1   | XOM: noise
 10659 | Lair:1   | XOM: give mutations
 10659 | Lair:1   | Lost mutation: You are mostly covered in large bone plates.
                  | (SH +6) [Xom's mischief]
 10659 | Lair:1   | Lost mutation: Potions are less effective at restoring your
                  | health. [Xom's mischief]
 10659 | Lair:1   | Gained mutation: You are frail. (-10% HP) [Xom's mischief]
 10659 | Lair:1   | Lost mutation: You expend magic power (3 MP) to strengthen
                  | your wands. [Xom's mischief]
 10705 | Lair:2   | XOM: enchant monster (good)
 10733 | Lair:2   | XOM: 4-stop teleportation journey
 10792 | Lair:2   | Noticed Gastronok
 10795 | Lair:2   | XOM: divination: magic mapping
 10796 | Lair:2   | XOM: enchant monster (good)
 10812 | Lair:2   | XOM: summons 5 friendly demons
 10820 | Lair:2   | Killed Gastronok
 10821 | Lair:2   | Reached skill level 18 in Polearms
 10990 | Lair:2   | Found a staircase to the Snake Pit.
 10991 | Lair:2   | XOM: polymorph naga -> acid dragon
 11058 | Lair:1   | XOM: scenery: 1 doors open
 11424 | Lair:2   | Reached skill level 18 in Dodging
 11434 | Lair:2   | XOM: enchant monster (good)
 11441 | Lair:2   | XOM: scenery: create altars
 11450 | Lair:2   | XOM: cast spell 'Disjunction'
 11544 | Lair:2   | XOM: enchant monster (good)
 11655 | Lair:2   | XOM: stat loss: -1 Str (11/12)
 11691 | Lair:2   | XOM: 5-stop teleportation journey
 12019 | Lair:3   | XOM: summons friendly crimson imp
 12141 | Lair:3   | Noticed an eight-headed hydra
 12148 | Lair:3   | Noticed a death yak
 12151 | Lair:3   | Killed a three-headed hydra
 12152 | Lair:3   | a death yak changed into a minotaur
 12152 | Lair:3   | Noticed a minotaur
 12152 | Lair:3   | XOM: polymorph death yak -> minotaur
 12155 | Lair:3   | XOM: cleaving
 12159 | Lair:3   | XOM: scenery: summon butterflies
 12178 | Lair:3   | Killed a minotaur
 12195 | Lair:3   | Noticed a death yak
 12195 | Lair:3   | Noticed a death yak
 12195 | Lair:3   | Noticed a death yak
 12198 | Lair:3   | XOM: polymorph wolf -> naga
 12200 | Lair:3   | XOM: silly message
 12461 | Lair:3   | Reached skill level 4 in Fighting
 12468 | Lair:3   | Reached skill level 19 in Polearms
 12569 | D:12     | XOM: silly message
 12597 | D:12     | Noticed Jorgrun
 12598 | D:12     | Noticed a two-headed ogre
 12599 | D:12     | XOM: potion effect (haste)
 12612 | D:12     | Killed Jorgrun
 12613 | D:12     | Reached skill level 5 in Fighting
 12623 | D:12     | Reached XP level 13. HP: 38/83 MP: 13/13
 12865 | D:12     | XOM: divination: detect creatures
 13065 | D:12     | Reached skill level 6 in Fighting
 13352 | D:12     | XOM: divination: detect items
 13785 | D:12     | Reached skill level 7 in Fighting
 14180 | Lair:3   | XOM: confusion (+ monsters)
 14190 | Lair:3   | Reached skill level 20 in Polearms
 14339 | Lair:3   | XOM: summons 2 friendly demons
 14432 | Lair:3   | Reached skill level 8 in Fighting
 14503 | Lair:3   | XOM: give mutation
 14503 | Lair:3   | Gained mutation: You are dopey. (Int -2) [Xom's mischief]
 14542 | Lair:3   | XOM: fog
 14553 | Lair:3   | XOM: butterfly on damage
 14556 | Lair:3   | XOM: polymorph death yak -> shapeshifter
 14566 | Lair:3   | XOM: noise
 14569 | Lair:3   | XOM: swap monsters
 14572 | Lair:3   | XOM: stat loss: -1 Str (11/12)
 14575 | Lair:3   | XOM: noise
 14582 | Lair:3   | XOM: give mutation
 14582 | Lair:3   | Gained mutation: You have very sharp teeth. [Xom's
                  | mischief]
 14709 | Lair:3   | Found a staircase to the Swamp.
 14716 | Lair:3   | XOM: give mutations
 14716 | Lair:3   | Gained mutation: You passively dampen the noise of your
                  | surroundings. [Xom's mischief]
 14716 | Lair:3   | Gained mutation: Your flesh is very heat resistant. (rF++)
                  | [Xom's mischief]
 14716 | Lair:3   | Gained mutation: You are mostly covered in iridescent
                  | scales. (AC +4) [Xom's mischief]
 14716 | Lair:3   | Lost mutation: You have very sharp teeth. [Xom's mischief]
 14721 | Lair:3   | XOM: torment (34/87 hp)
 14979 | Lair:3   | XOM: confusion
 14985 | Lair:3   | XOM: draining
 14992 | Lair:3   | Reached skill level 1 in Evocations
 15117 | Lair:3   | Reached skill level 9 in Fighting
 15269 | Lair:3   | XOM: summons 1 hostile shadow creature
 15294 | Lair:3   | XOM: enchant monster (bad)
 15297 | Lair:3   | XOM: chaos cloud
 15299 | Lair:3   | Reached skill level 2 in Evocations
 15410 | Lair:3   | Lost mutation: You are dopey. (Int -2) [potion of mutation]
 15410 | Lair:3   | Lost mutation: You passively dampen the noise of your
                  | surroundings. [potion of mutation]
 15410 | Lair:3   | Gained mutation: Potions are less effective at restoring
                  | your health. [potion of mutation]
 15410 | Lair:3   | Gained mutation: You possess an exceptional clarity of
                  | mind. [potion of mutation]
 15411 | Lair:3   | Lost mutation: Your flesh is very heat resistant. (rF++)
                  | [potion of mutation]
 15411 | Lair:3   | Lost mutation: You are partially covered in large bone
                  | plates. (SH +4) [potion of mutation]
 15411 | Lair:3   | Gained mutation: You are clumsy. (Dex -2) [potion of
                  | mutation]
 15411 | Lair:3   | Lost mutation: You possess an exceptional clarity of mind.
                  | [potion of mutation]
 15411 | Lair:3   | Gained mutation: You have a beak for a mouth. [potion of
                  | mutation]
 15428 | Lair:3   | XOM: chaos cloud
 15437 | Lair:3   | a death yak changed into a red draconian
 15437 | Lair:3   | Noticed a red draconian
 15447 | Lair:3   | Killed a red draconian
 15728 | Lair:3   | XOM: noise
 15734 | Lair:3   | Reached skill level 3 in Evocations
 15834 | Lair:3   | XOM: destruction
 15839 | Lair:3   | XOM: confusion
 15849 | Lair:3   | Quit the game

Vanquished Creatures
  Jorgrun (D:12)
  A red draconian (Lair:3)
  Josephine (D:10)
  A hydra (shapeshifter) (Lair:3)
  2 ghost crabs (Lair:3)
  2 hydras (Lair:3)
  A centaur warrior (D:12)
  A boulder beetle (D:11)
  2 death yaks (Lair:3)
  A two-headed ogre (D:12)
  Nergalle (D:11)
  Pikel (D:7)
  An ugly thing (D:12)
  An orc sorcerer (D:12)
  2 cyclopes (D:12)
  A manticore (D:12)
  A guardian serpent (D:10)
  2 black mambas
  3 elephants (Lair:2)
  An unseen horror (D:11)
  3 cane toads
  2 rime drakes
  4 komodo dragons
  A troll (D:11)
  A polar bear (Lair:2)
  Grinder (D:3)
  A spectral lindwurm (Lair:3)
  2 hornets
  4 blink frogs (Lair:1)
  A spectral dream sheep (Lair:3)
  6 dream sheep (Lair:3)
  Sigmund (D:3)
  A culicivora (shapeshifter) (D:4)
  4 wraiths
  6 wyverns
  19 yaks
  A vampire (D:10)
  A basilisk (D:11)
  3 steam dragons
  Edmund (D:5)
  A warg (D:11)
  2 acid dragons
  3 nagas
  3 water moccasins
  7 orc warriors
  A black bear (D:6)
  5 wolves
  7 centaurs
  7 kobold brigands
  5 bullfrogs
  Blork the orc (D:6)
  A gnoll sergeant (D:12)
  A scorpion (D:5)
  10 wights
  Dowan (D:4)
  9 killer bees
  10 howler monkeys
  Crazy Yiuf (D:3)
  3 hounds
  2 jellies
  7 orc priests
  Jessica (D:3)
  Terence (D:2)
  Natasha (thrice) (D:2)
  3 iguanas
  13 orc wizards
  A sleepcap (D:4)
  9 gnolls
  4 adders
  2 shadow imps
  2 ufetubi (D:6)
  A worm (D:3)
  4 dart slugs
  48 orcs
  5 ball pythons
  2 bats
  2 endoplasms
  2 giant cockroaches (D:4)
  10 goblins
  8 hobgoblins
  4 jackals (D:5)
  2 quokkas
  2 frilled lizards
  15 kobolds
  A rat (D:1)
322 creatures vanquished.

Vanquished Creatures (collateral kills)
  Gastronok (Lair:2)
  A minotaur (Lair:3)
  A wraith (D:12)
  A kobold brigand (Bailey)
  2 killer bees (D:7)
  A howler monkey (D:9)
  An orc wizard (D:12)
  2 gnolls (D:7)
  A dart slug (D:4)
  2 orcs
  5 kobolds
18 creatures vanquished.

Vanquished Creatures (others)
  A two-headed ogre (D:12)
  3 lemures (D:7)
  An orc (D:6)
  A gnoll zombie (D:4)
6 creatures vanquished.

Grand Total: 346 creatures vanquished

Table legend: (Time is in decaauts)
 A = Elapsed time spent in this place.
 B = Non-inter-level travel time spent in this place.
 C = Inter-level travel time spent in this place.
 D = Time resting spent in this place.
 E = Time spent auto-exploring this place.
 F = Levels seen in this place.
 G = Mean time per level.
                   A        B        C        D        E       F      G
               +--------+--------+--------+--------+--------+-----+--------+
         Total |  15434 |  14670 |    764 |   1521 |  10671 |  17 |  907.9 |
       Dungeon |  10627 |  10184 |    443 |    532 |   7904 |  13 |  817.5 |
          Lair |   4587 |   4267 |    320 |    989 |   2615 |   3 | 1529.0 |
        Bailey |    220 |    220 |      0 |      0 |    151 |   1 |  220.0 |
               +--------+--------+--------+--------+--------+-----+--------+

Top non-repeatable levels by time:
  Lair:3: 1767 daAuts
  Lair:2: 1545 daAuts
    D:12: 1521 daAuts
  Lair:1: 1274 daAuts
    D:10: 1118 daAuts
     D:2: 1091 daAuts
     D:8: 1032 daAuts
     D:9: 970 daAuts
     D:6: 887 daAuts
     D:3: 869 daAuts
     D:4: 831 daAuts
    D:11: 729 daAuts
     D:5: 622 daAuts
     D:7: 531 daAuts
     D:1: 414 daAuts

Table legend:
 A = Non-vault XP
 B = Vault XP
 C = Vault XP percentage of total XP
 D = Non-vault monster count
 E = Vault monster count
 F = Vault count percentage of total count
                 A         B        C        D         E       F
            +---------+---------+-------+---------+---------+-------
      Total |   33680 |   12005 |  26.3 |     269 |      71 |  20.9
            +---------+---------+-------+---------+---------+-------
        D:1 |      22 |       0 |   0.0 |      10 |       0 |   0.0
        D:2 |      86 |     122 |  58.7 |      10 |      11 |  52.4
        D:3 |      44 |     596 |  93.1 |      12 |       4 |  25.0
        D:4 |     514 |     184 |  26.4 |      27 |       2 |   6.9
        D:5 |     357 |     162 |  31.2 |      10 |       1 |   9.1
        D:6 |     790 |      96 |  10.8 |      19 |       1 |   5.0
        D:7 |     441 |     100 |  18.5 |      21 |       1 |   4.5
        D:8 |    1638 |     217 |  11.7 |      25 |       2 |   7.4
        D:9 |     897 |       0 |   0.0 |      18 |       0 |   0.0
       D:10 |    2826 |    1430 |  33.6 |      19 |       4 |  17.4
       D:11 |    2088 |    1265 |  37.7 |      13 |      17 |  56.7
       D:12 |    5584 |    1868 |  25.1 |      25 |       1 |   3.8
     Lair:1 |    3173 |     753 |  19.2 |      17 |       2 |  10.5
     Lair:2 |    4307 |    2001 |  31.7 |      16 |       4 |  20.0
     Lair:3 |   10913 |    2230 |  17.0 |      27 |       4 |  12.9
     Bailey |       0 |     981 | 100.0 |       0 |      17 | 100.0
            +---------+---------+-------+---------+---------+-------
